Map: Dusk Towers

Players

Nuckzer - Winner!

  • Race: Zerg Zerg
  • League: Diamond

Awesomesauce

  • Race: Protoss Protoss
  • League: Diamond

VOD

Have the link to the VOD?

Description

Time

  • Played on: March 20, 2016, 3:56 p.m.
  • Length: 14:24
Show
View Real Time Build Order
Export as new Build Order

Nuckzer Zerg - Winner!

Build Orders: Hatch First, Lurkers 

Get SALT Encoding   

  12  0:01  Drone  
  13  0:14  Drone  
  13  0:18  Overlord  
  14  0:36  Drone x2  
  14  0:37  Drone  
  17  0:55  Hatchery  
  16  0:58  Drone  
  16  1:00  Drone  
  18  1:14  Spawning Pool  
  18  1:17  Extractor  
  16  1:18  Drone  
  16  1:23  Drone  
  18  1:41  Drone  
  18  1:42  Overlord  
  19  2:02  Zergling x2  
  19  2:03  Queen  
  22  2:12  Drone x2  
  22  2:14  Queen  
  26  2:31  Hatchery  
  26  2:33  Drone x3  
  28  2:38  Metabolic Boost  
  28  2:42  Drone  
  29  2:48  Drone x2  
  31  2:57  Drone x3  
  34  3:03  Extractor  
  32  3:16  Evolution Chamber, Zergling x8  
  32  3:18  Evolution Chamber  
  34  3:22  Drone  
  34  3:23  Drone  
  36  3:37  Overlord  
  36  3:47  Zerg Ground Armor Level 1, Zerg Melee Weapons Level 1  
  35  3:50  Drone  
  36  4:00  Drone x4  
  36  4:01  Drone x2  
  42  4:06  Drone x2  
  42  4:07  Drone x4  
  42  4:09  Drone  
  49  4:13  Lair  
  49  4:27  Extractor x2  
  47  4:35  Overlord x2  
  47  4:36  Overlord  
  47  4:45  Drone  
  47  4:46  Drone  
  49  4:54  Overlord x3  
  49  4:56  Spore Crawler  
  49  4:59  Spore Crawler  
  47  5:01  Spore Crawler  
  47  5:03  Spore Crawler  
  47  5:04  Drone x2  
  47  5:05  Drone x4  
  51  5:07  Spore Crawler  
  48  5:23  Overlord x3  
  48  5:25  Drone x4  
  51  5:29  Drone x2  
  53  5:43  Zerg Melee Weapons Level 2, Zerg Ground Armor Level 2  
  53  5:48  Hydralisk Den, Drone  
  53  5:49  Drone  
  54  5:50  Drone x2  
  54  5:52  Drone  
  57  6:00  Drone  
  57  6:01  Spore Crawler  
  56  6:06  Spore Crawler  
  56  6:11  Drone x8  
  56  6:13  Drone  
  56  6:15  Extractor  
  56  6:16  Extractor  
  62  6:23  Overlord  
  62  6:24  Queen x2  
  64  6:29  Muscular Augments  
  59  6:42  Hydralisk x2  
  59  6:43  Hydralisk  
  59  6:46  Hydralisk x4  
  71  6:52  Hydralisk  
  71  6:53  Hydralisk  
  75  7:00  Drone x2  
  76  7:06  Queen  
  75  7:25  Hydralisk x3  
  75  7:28  Hydralisk x3  
  86  7:30  Hydralisk x2  
  90  7:43  Overlord x4  
  90  7:50  Hatchery  
  89  7:51  Overlord  
  89  7:52  Overlord  
  89  8:05  Drone x3  
  91  8:06  Drone x4  
  91  8:07  Drone x3  
  99  8:19  Zerg Missile Weapons Level 1  
  97  8:26  Hydralisk  
  97  8:27  Hydralisk x8  
  97  8:30  Lurker Den  
  113  8:38  Zergling x2  
  113  8:39  Zergling x6  
  117  8:48  Zergling x10  
  122  8:51  Pneumatized Carapace  
  122  8:55  Zergling x4  
  122  8:56  Zergling x4  
  122  8:59  Overlord  
  126  9:09  Zergling x2  
  128  9:10  Zergling x10  
  129  9:17  Zergling x2  
  129  9:18  Zergling x6  
  129  9:22  Spore Crawler  
  132  9:30  Zergling x2  
  132  9:31  Zergling x14  
  115  9:40  Drone x6  
  115  9:45  Drone x2  
  123  9:56  Drone  
  123  9:57  Drone x7  
  131  10:00  Extractor  
  130  10:08  Infestation Pit  
  130  10:11  Drone x3  
  132  10:14  Extractor  
  132  10:16  Spine Crawler  
  132  10:17  Spine Crawler  
  132  10:19  Spine Crawler  
  132  10:20  Spine Crawler  
  132  10:21  Spine Crawler  
  126  10:22  Spine Crawler  
  114  10:34  Hatchery  
  113  10:43  Queen  
  113  10:48  Hive  
  115  10:50  Lurker  
  115  10:51  Lurker x7  
  115  10:52  Hydralisk x4  
  115  10:53  Hydralisk x4  
  139  11:04  Zerg Missile Weapons Level 2  
  139  11:05  Spire  
  138  11:12  Drone x8  
  138  11:13  Drone  
  138  11:14  Drone x2  
  149  11:40  Burrow  
  122  12:17  Zergling x12  
  122  12:18  Zergling x4  
  123  12:43  Hydralisk x16  
  123  12:44  Hydralisk x2  
  137  13:38  Hydralisk x11  
  137  13:39  Hydralisk x2  
  157  13:42  Overlord x3  
  157  13:43  Overlord x4  
Show
View Real Time Build Order
Export as new Build Order

Awesomesauce Protoss 

Build Orders: Nexus First, Phoenix Opening 

Get SALT Encoding   

  12  0:01  Probe (Chrono Boost)  
  13  0:11  Probe (Chrono Boost)  
  14  0:18  Pylon  
  14  0:22  Probe (Chrono Boost)  
  15  0:37  Probe (Chrono Boost)  
  16  0:47  Probe (Chrono Boost)  
  17  0:57  Nexus  
  17  1:08  Gateway  
  17  1:11  Probe (Chrono Boost)  
  18  1:17  Assimilator  
  18  1:21  Probe (Chrono Boost)  
  19  1:29  Gateway  
  20  1:33  Probe (Chrono Boost)  
  20  1:43  Probe (Chrono Boost)  
  21  1:54  Probe (Chrono Boost)  
  22  1:57  Cybernetics Core  
  22  2:04  Probe (Chrono Boost)  
  22  2:06  Assimilator  
  23  2:15  Probe (Chrono Boost)  
  24  2:17  Probe (Chrono Boost)  
  25  2:26  Pylon  
  25  2:28  Probe (Chrono Boost)  
  25  2:33  Adept x2 (Chrono Boost)  
  25  2:35  Warp Gate  
  25  2:36  Probe  
  30  2:39  Probe  
  31  2:48  Probe  
  31  2:51  Probe  
  33  2:55  Stargate  
  33  3:01  Probe (Chrono Boost)  
  33  3:03  Probe (Chrono Boost)  
  35  3:12  Probe (Chrono Boost)  
  36  3:14  Probe (Chrono Boost)  
  36  3:15  Forge  
  37  3:22  Stargate  
  37  3:23  Probe (Chrono Boost)  
  37  3:25  Probe (Chrono Boost)  
  39  3:33  Probe (Chrono Boost)  
  40  3:35  Probe (Chrono Boost)  
  41  3:44  Probe (Chrono Boost)  
  41  3:45  Probe (Chrono Boost)  
  43  3:52  Phoenix (Chrono Boost)  
  43  3:54  Probe  
  46  3:57  Pylon x2  
  46  3:59  Pylon  
  46  4:02  Assimilator, Pylon  
  46  4:07  Assimilator  
  46  4:12  Mothership Core  
  48  4:21  Probe  
  48  4:24  Phoenix (Chrono Boost)  
  51  4:36  Phoenix (Chrono Boost)  
  53  4:47  Nexus  
  53  4:49  Pylon, Probe  
  53  4:50  Pylon  
  55  4:52  Probe  
  55  4:58  Phoenix (Chrono Boost)  
  55  4:59  Phoenix (Chrono Boost)  
  56  5:31  Probe  
  56  5:34  Photon Cannon  
  57  5:36  Photon Cannon  
  57  5:37  Protoss Ground Weapons Level 1  
  57  5:38  Gateway x2  
  57  5:43  Probe  
  57  5:46  Probe  
  57  5:49  Phoenix (Chrono Boost)  
  61  5:55  Probe  
  62  6:09  Phoenix (Chrono Boost)  
  64  6:13  Robotics Facility  
  64  6:15  Gateway  
  64  6:18  Gateway  
  62  6:34  Probe  
  62  6:35  Probe  
  62  6:36  Adept x2  
  68  6:40  Probe  
  68  6:42  Gateway  
  68  6:45  Assimilator  
  68  6:46  Probe  
  70  6:50  Assimilator  
  70  7:10  Adept x3  
  70  7:11  Adept, Probe x2  
  70  7:13  Probe  
  81  7:19  Photon Cannon  
  81  7:21  Photon Cannon  
  81  7:23  Probe  
  82  7:34  Immortal  
  82  7:35  Robotics Bay  
  86  7:38  Pylon  
  86  7:39  Pylon, Probe  
  86  7:40  Probe  
  86  7:42  Probe  
  89  7:49  Pylon  
  89  7:52  Twilight Council  
  89  8:00  Photon Cannon  
  89  8:03  Sentry x2  
  89  8:05  Sentry  
  91  8:35  Resonating Glaives (Chrono Boost)  
  91  8:36  Protoss Ground Weapons Level 2  
  91  8:37  Templar Archives  
  91  8:39  Disruptor (Chrono Boost)  
  91  8:40  Fleet Beacon  
  94  8:41  Adept x3  
  94  8:43  Probe  
  94  8:47  Pylon  
  101  8:50  Probe  
  101  8:52  Probe  
  103  8:58  Probe  
  103  9:01  Probe  
  105  9:04  Probe  
  103  9:10  Probe  
  103  9:11  Probe  
  103  9:13  Sentry x5  
  115  9:34  Tempest  
  113  9:40  Tempest  
  113  9:43  Disruptor (Chrono Boost)  
  124  9:55  Adept  
  124  9:56  Adept x3  
  130  10:02  Gravitic Drive  
  132  10:14  Warp Prism (Chrono Boost)  
  132  10:16  Pylon  
  132  10:37  Nexus  
  132  10:39  Pylon  
  132  10:42  Adept x2  
  135  10:49  Warp Prism (Chrono Boost)  
  137  10:52  Probe  
  137  10:53  Probe x2  
  137  10:55  Tempest  
  140  11:01  Tempest  
  148  11:05  Probe x2  
  148  11:06  Protoss Shields Level 1, Protoss Air Weapons Level 1  
  148  11:07  Stargate  
  148  11:09  Graviton Catapult  
  150  11:13  High Templar x3, Pylon  
  150  11:16  Photon Cannon  
  150  11:18  Photon Cannon  
  156  11:31  Pylon  
  156  11:33  Tempest  
  156  11:35  Pylon  
  156  11:36  Pylon  
  156  11:37  Pylon  
  156  11:38  Pylon  
  160  11:43  Dark Shrine  
  160  11:44  Tempest  
  163  12:00  Zealot x2  
  146  12:25  Zealot x2  
  146  12:26  Zealot x4  
  156  12:36  Adept  
  158  12:47  Observer (Chrono Boost)  
  157  12:53  Nexus  
  157  12:54  Adept x3  
  157  12:55  Adept x3  
  158  13:06  Observer (Chrono Boost)  
  158  13:09  Assimilator  
  142  13:43  Assimilator  
  142  13:47  High Templar x3  
  139  13:49  Adept x3  
  145  14:14  Nexus  
Tags
 
Add a new tag
Caveats
  • Supply blocks, unpowered buildings, or Contaminate may cause inaccurate times.
  • Supply counts are checked every 10 seconds.